 Dungeon Crawl Stone Soup version 0.27-a0-931-g5a74e75d8f (webtiles) character file.

Game seed: 4841639074178813214

144 polve the Slasher (level 5, 0/41 HPs)
             Began as a Demonspawn Abyssal Knight on Apr 10, 2021.
             Was a Believer of Lugonu.
             Slain by an orc
             ... wielding a +0 short sword
              (6 damage)
             ... on level 2 of the Dungeon.
             The game lasted 00:03:30 (2378 turns).

polve the Slasher (Demonspawn Abyssal Knight)       Turns: 2378, Time: 00:03:31

Health: 0/41       AC:  3    Str: 13    XL:     5   Next: 5%
Magic:  6/6        EV: 11    Int: 14    God:    Lugonu [**....]
Gold:   83         SH:  0    Dex: 12    Spells: 4/4 levels left

rFire    . . .     SeeInvis .   e - +2 scimitar (flame)
rCold    . . .     Faith    .   (no shield)
rNeg     . . .     Spirit   .   b - +0 leather armour
rPois    .         Reflect  .   (helmet restricted)
rElec    .         Harm     .   (no cloak)
rCorr    .         Rampage  .   (no gloves)
Will     .....                  (no boots)
Stlth    +.........             (no amulet)
HPRegen  0.13/turn              f - ring of flight
MPRegen  0.10/turn              (no ring)

@: flying
A: horns 1, demonic guardian 1
a: Renounce Religion, Depart the Abyss, Bend Space


You were on level 2 of the Dungeon.
You worshipped Lugonu.
Lugonu was pleased with you.
You visited 1 branch of the dungeon, and saw 2 of its levels.
You visited the Abyss 1 time.

You collected 83 gold pieces.

Inventory:

Hand Weapons
 a - a +1 falchion
 e - a +2 scimitar of flaming (weapon)
Armour
 b - a +0 leather armour (worn)
Jewellery
 f - a ring of flight (left hand)
Scrolls
 c - a scroll of amnesia {unknown}
 d - 3 scrolls of identify {unknown}


   Skills:
 - Level 3.0 Fighting
 + Level 4.8 Long Blades
 - Level 1.7 Armour
 - Level 0.8 Dodging
 - Level 2.4 Invocations


You had 4 spell levels left.
You didn't know any spells.
Your spell library contained the following spells:

 Spells                   Type           Power      Damage    Failure   Level
 Borgnjor's Revivificati  Necr           0%         N/A       100%        8
 Infestation              Necr           0%         N/A       100%        8
 Necromutation            Tmut/Necr      0%         N/A       100%        8
 Death's Door             Necr           0%         N/A       100%        9


Dungeon Overview and Level Annotations

Branches:
Dungeon (2/15)

Altars:

Shops:
D:1 :


Innate Abilities, Weirdness & Mutations

You have a pair of small horns on your head.
A weak demonic guardian rushes to your aid.


Message History

The orc warrior completely misses you.
You closely miss the orc warrior.
The orc warrior is heavily wounded.
Your ufetubus closely misses the orc warrior.
Your ufetubus hits the orc warrior but does no damage.
Your ufetubus hits the orc warrior. x2; The orc warrior misses your ufetubus.
You strike the helpless orc warrior from behind!
You hit the orc warrior.
The orc warrior is almost dead.
Your ufetubus misses the orc warrior.
Your ufetubus closely misses the orc warrior.
Your ufetubus hits the orc warrior but does no damage. x2
The orc warrior hits you with a +2 scimitar of flaming!
* * * LOW HITPOINT WARNING * * *
A demonic guardian appears!
The orc warrior burns you.
* * * LOW HITPOINT WARNING * * *
Your ufetubus closely misses the orc warrior.
Your ufetubus hits the orc warrior.
The orc warrior hits your ufetubus with a +2 scimitar of flaming!!
The orc warrior burns your ufetubus.
Your ufetubus dies!
The orc warrior shouts!
You swap places.
You hear a shout!
Your white imp misses the orc warrior.
The orc warrior hits your white imp with a +2 scimitar of flaming!
The orc warrior burns your white imp.
Your white imp dies!
You aren't carrying any potions.
Unknown command.
You hit the orc warrior.
You kill the orc warrior!
Lugonu accepts your kill.
You have reached level 5!
Things that are here:
a +2 scimitar of flaming; a +0 chain mail Your +2 scimitar of flaming bursts into flame!
e - a +2 scimitar of flaming (weapon)
The orc hits you with a +0 short sword.
You die...

#................)....
####.........#####....
#.........# #....
#.........#####....
#.........#....(<..
#######..o......#......##
#...............#......#
#####......o#########......#
#..........[@.....# #......#
#......###........# ########
#......# #........# #......#
#........# #......#
#........# #......#
#........# #......#
#........# #......#
#........# ########
##########


You could see an orc.

Vanquished Creatures
  An orc warrior (D:2)
  2 adders (D:2)
  2 worms (D:2)
  A dart slug (D:1)
  An orc (D:2)
  4 bats
  4 endoplasms
  A giant cockroach (D:1)
  2 goblins (D:2)
  6 hobgoblins
  2 jackals (D:1)
  4 kobolds
  2 quokkas
  4 ball pythons (D:1)
  3 frilled lizards (D:2)
  5 rats
44 creatures vanquished.

Notes
Turn   | Place    | Note
-------+----------+-------------------------------------------
     0 | Abyss:1  | polve the Demonspawn Abyssal Knight began the quest for the
                  | Orb.
     0 | Abyss:1  | Reached XP level 1. HP: 18/18 MP: 2/2
    80 | Abyss:2  | Noticed an alligator simulacrum
    82 | D:1      | Escaped the Abyss
   136 | D:1      | Reached skill level 2 in Long Blades
   251 | D:1      | Reached * piety under Lugonu
   254 | D:1      | Gained mutation: You have a pair of small horns on your
                  | head. [demonic ancestry]
   254 | D:1      | Reached XP level 2. HP: 24/24 MP: 3/3
   326 | D:1      | Reached skill level 3 in Long Blades
   590 | D:1      | Found Hiniad's Book Emporium.
   695 | D:1      | Reached XP level 3. HP: 29/29 MP: 4/4
  1632 | D:2      | Reached ** piety under Lugonu
  1751 | D:2      | Gained mutation: A weak demonic guardian rushes to your
                  | aid. [demonic ancestry]
  1751 | D:2      | Reached XP level 4. HP: 35/35 MP: 5/5
  1785 | D:2      | Reached skill level 4 in Long Blades
  1894 | D:2      | Noticed an orc warrior
  2374 | D:2      | Killed an orc warrior
  2375 | D:2      | Reached XP level 5. HP: 5/41 MP: 6/6
  2378 | D:2      | Slain by an orc

Illustrated notes

Levels and vault maps discovered:
D:1:      amcnicky_arrival_underground_garden, layout_loops_ring, serial_shops,
          shop, grunt_decor_junction, solitary_fountain
D:2:      layout_basic

Skill      XL: |  1  2  3  4 |
---------------+-------------+-----
Long Blades    | 2 3 4 |  4.8
Fighting       | |  3.0
Armour         | |  1.7
Dodging        | |  0.8
Invocations    | |  2.4

Action                   |  1- 3 |  4- 6 || total
-------------------------+-------+-------++-------
Melee: Falchion          |   104 |    15 ||   119
       Headbutt          |    17 |     1 ||    18
Invok: Depart the Abyss  |     1 |       ||     1
  Use: Potion            |       |     2 ||     2
 Stab: Distracted        |       |     1 ||     1
Armor: Leather armour    |    42 |     1 ||    43
Dodge: Dodged            |    82 |     9 ||    91
       Rpst.: Falchion   |    27 |     2 ||    29

Table legend: (Time is in decaauts)
 A = Elapsed time spent in this place.
 B = Non-inter-level travel time spent in this place.
 C = Inter-level travel time spent in this place.
 D = Time resting spent in this place.
 E = Time spent auto-exploring this place.
 F = Levels seen in this place.
 G = Mean time per level.
                   A        B        C        D        E       F      G
               +--------+--------+--------+--------+--------+-----+--------+
         Total |   2393 |   2354 |     39 |      0 |   1878 |   4 |  598.2 |
       Dungeon |   2312 |   2273 |     39 |      0 |   1805 |   2 | 1156.0 |
         Abyss |     81 |     81 |      0 |      0 |     73 |   2 |   40.5 |
               +--------+--------+--------+--------+--------+-----+--------+

Top non-repeatable levels by time:
     D:2: 1196 daAuts
     D:1: 1115 daAuts
 Abyss:2: 70 daAuts
 Abyss:1: 11 daAuts
